 Dungeon Crawl Stone Soup version 0.31-a0-819-gf6de2f5ab6 (webtiles) character file.

Game seed: 7782540006592629932

1531 qw the Skirmisher (level 8, -4/51 HPs)
             Began as a Gargoyle Hunter on Sept 23, 2023.
             Killed by divine providence
             ... invoked by an orc priest
              (7 damage)
             ... on level 6 of the Dungeon.
             The game lasted 00:01:57 (4501 turns).

qw the Skirmisher (Gargoyle Hunter)                 Turns: 4501, Time: 00:01:58

Health: -4/51      AC: 16    Str: 12 (15) XL:     8   Next: 85%
Magic:  8/8        EV: 12    Int:  9 (10) God:
Gold:   179        SH:  0    Dex: 13 (15) Spells: 7/7 levels left

rFire   . . .        Y - +0 longbow
rCold   + . .        (shield currently unavailable)
rNeg    + + .        d - +2 leather armour {rN+}
rPois   inf          c - +0 helmet
rElec   +            (no cloak)
rCorr   .            n - +0 pair of gloves
SInv    .            f - +0 pair of boots
Will    .....        (no amulet)
Stlth   +            (no ring)
HPRegen 0.28/turn    (no ring)
MPRegen 0.11/turn

%: no passive effects
@: about to teleport
A: sickness immunity, AC +5, negative energy resistance 1, electricity
resistance, torment resistance 1, petrification resistance, iridescent scales 1,
cold resistance 1
a: no special abilities


You were on level 6 of the Dungeon.
You visited 1 branch of the dungeon, and saw 6 of its levels.

You collected 348 gold pieces.
You spent 169 gold pieces at shops.


Innate Abilities, Weirdness & Mutations

You are immune to sickness and miasma.
Your stone body is resilient. (AC +5)
You are immune to poison.
You resist negative energy. (rN+)
You are resistant to electric shocks. (rElec)
You are resistant to unholy torment.
You are immune to petrification.
You are partially covered in iridescent scales. (AC +2)
Your flesh is cold resistant. (rC+)


   Skills:
 - Level 6.0 Fighting
 + Level 9.5 Ranged Weapons
 - Level 3.1 Armour
 - Level 2.4 Dodging
 - Level 1.1 Stealth


You had 7 spell levels left.
You didn't know any spells.
Your spell library was empty.

Inventory:

Hand Weapons
 Y - a +0 longbow (weapon)
Armour
 c - a +0 helmet (worn)
 d - a +2 leather armour of positive energy (worn)
 f - a +0 pair of boots (worn)
 n - a +0 pair of gloves (worn)
Scrolls
 a - a scroll of teleportation
Potions
 b - a potion of resistance {unknown}
 e - 4 potions of mutation
 g - a potion of brilliance {unknown}
 h - a potion of haste
 i - 3 potions of curing

Dungeon Overview and Level Annotations

Branches:
Dungeon (6/15)
 Temple: D:4-7

Altars:
Cheibriados

Shops:
D:1 [   D:3 *


Message History

The orc priest mumbles some strange prayers to Beogh against you.
Beogh smites you!
You shoot an arrow.
The arrow closely misses the orc priest.
You shoot an arrow.
The arrow hits the orc warrior but does no damage.
The orc warrior is lightly wounded.
The orc priest casts a cantrip, but nothing happens.
The orc warrior shoots an arrow.
The arrow barely misses you.
You shoot an arrow.
The arrow closely misses the orc warrior.
The orc warrior shoots an arrow.
The arrow barely misses you.
You shoot an arrow.
The arrow hits the orc warrior but does no damage.
The orc warrior is lightly wounded.
You shoot an arrow.
The arrow barely misses the orc warrior.
The arrow closely misses the orc priest.
The orc warrior unwields a +0 orcbow.
The orc warrior wields a +0 hand axe.
The orc warrior hits you with a +0 hand axe.
You shoot an arrow.
The arrow hits the orc warrior but does no damage.
The orc warrior is lightly wounded.
The orc warrior hits you with a +0 hand axe.
You shoot an arrow.
The arrow closely misses the orc warrior.
The arrow barely misses the orc priest.
The arrow hits the orc!
You kill the orc!
The orc priest mumbles some strange prayers to Beogh against you.
Beogh smites you! The orc warrior barely misses you.
4500 ||| READING 2 scrolls of teleportation.
As you read the scroll of teleportation, it crumbles to dust.
You feel strangely unstable.
The orc warrior hits you but does no damage.
You shoot an arrow.
The arrow hits the orc warrior but does no damage.
The orc warrior is lightly wounded.
The orc priest mumbles some strange prayers to Beogh against you.
Beogh smites you!
You die...

.#########...#.....####)#.#
...........###.>##...##...#
###..#'#...###%#####.##..##
.###.#.#.##......# #.##..#
.###.#.#.##......# #.##..#
.##..#.#[.#......# #.##..#
.##.##.##........# #.##..#
)...#...#....#######..#..#
#...#._.#....)oo@.###.#.###
....#...#......##.# #.#...##
....##.##......##.###......##
.....#.#.......##...........#
.....#)#.......######.......#
###..#)#.......# #.......#
##.#'#....>.## ##.....##
#..........## ##...?.##
##..........# #.......#


You could see an orc warrior and an orc priest.

Vanquished Creatures
  A water moccasin (D:3)
  A sky beast (D:6)
  A black bear (D:6)
  An ogre (D:4)
  A kobold brigand (D:6)
  A bullfrog (D:6)
  3 scorpions
  A gnoll sergeant (D:6)
  2 jellies
  2 gnoll boudas (D:6)
  An orc priest (D:5)
  3 hounds
  A sleepcap (D:6)
  4 iguanas
  Natasha (thrice) (D:2)
  Robin (D:2)
  7 adders
  16 gnolls
  3 worms
  3 dart slugs
  10 orcs
  2 bats (D:1)
  7 endoplasms
  A giant cockroach (D:1)
  16 goblins
  10 hobgoblins
  2 jackals (D:3)
  4 quokkas
  5 ball pythons
  7 frilled lizards
  11 kobolds
  5 rats
136 creatures vanquished.

Notes
Turn   | Place    | Note
-------+----------+-------------------------------------------
     0 | D:1      | qw the Gargoyle Hunter began the quest for the Orb.
     0 | D:1      | Reached XP level 1. HP: 12/12 MP: 1/1
     0 | D:1      | 0 ||| qw: Version: 0.3-a-83-gcd0e7d8
     0 | D:1      | 0 ||| qw: Game counter: 1371
     0 | D:1      | 0 ||| qw: Melee chars always use a shield: true
     0 | D:1      | 0 ||| qw: God list: Okawaru
     0 | D:1      | 0 ||| qw: Allow faded altars: false
     0 | D:1      | 0 ||| qw: Do Orc after clearing Dungeon:15 true
     0 | D:1      | 0 ||| qw: Do second Lair branch before Depths: true
     0 | D:1      | 0 ||| qw: Lair rune preference: random
     0 | D:1      | 0 ||| qw: Goals: Normal
     0 | D:1      | 0 ||| PLANNING D:1-11
    48 | D:1      | Reached XP level 2. HP: 17/17 MP: 2/2
   276 | D:1      | Found Jaxecisch's Antique Armour Boutique.
   284 | D:1      | 284 ||| SHOPLISTING cloak (130 gold, have 33).
   284 | D:1      | 284 ||| SHOPLISTING pair of boots (130 gold, have 33).
   320 | D:1      | Reached XP level 3. HP: 21/21 MP: 3/3
   332 | D:1      | Reached skill level 5 in Ranged Weapons
   650 | D:1      | 650 ||| UPGRADING to +2 leather armour of positive energy.
   660 | D:1      | 660 ||| DROPPING +0 leather armour.
   661 | D:1      | 661 ||| READING scroll labelled EFOISU TOCAGE.
   662 | D:1      | 662 ||| READING scroll labelled NAMMAXUM XIESM.
   663 | D:1      | 663 ||| READING scroll labelled DITWET MIJO.
   664 | D:1      | 664 ||| DROPPING scroll of butterflies.
   804 | D:2      | Noticed Robin
   810 | D:2      | Killed Robin
   811 | D:2      | Reached skill level 3 in Fighting
   816 | D:2      | HP: 5/23 [goblin/sling bullet[Robin] (4)]
   819 | D:2      | Reached XP level 4. HP: 4/28 MP: 4/4
   957 | D:2      | Noticed Natasha
   964 | D:2      | 964 ||| Stepping ~*~*~tactically~*~*~ (retreating).
   965 | D:2      | 965 ||| Stepping ~*~*~tactically~*~*~ (retreating).
   966 | D:2      | Killed Natasha
  1101 | D:2      | Noticed Natasha
  1111 | D:2      | Killed Natasha
  1394 | D:2      | Noticed Natasha
  1397 | D:2      | 1397 ||| FLEEEEING.
  1399 | D:2      | 1399 ||| FLEEEEING.
  1407 | D:2      | Killed Natasha
  1408 | D:2      | Reached XP level 5. HP: 29/32 MP: 5/5
  1444 | D:2      | Reached skill level 6 in Ranged Weapons
  1816 | D:2      | 1816 ||| UPGRADING to +0 helmet.
  1821 | D:2      | 1821 ||| READING 2 scrolls labelled HUREOP CIOZXOU.
  1822 | D:2      | 1822 ||| READING scroll of enchant weapon.
  1822 | D:2      | 1822 ||| ENCHANTING +1 shortbow.
  1823 | D:2      | 1823 ||| READING scroll labelled OWNIME TIGRAU.
  1832 | D:3      | Noticed a water moccasin
  1839 | D:3      | Killed a water moccasin
  1840 | D:3      | Reached skill level 3 in Armour
  1840 | D:3      | Reached XP level 6. HP: 33/38 MP: 6/6
  1840 | D:3      | 1840 ||| STAIRDANCE
  2023 | D:3      | Found Cigauxo's Assorted Antiques.
  2034 | D:3      | 2034 ||| BUYING fizzy coppery potion (22 gold).
  2034 | D:3      | Bought a fizzy coppery potion for 22 gold pieces
  2034 | D:3      | 2034 ||| BUYING large jade ring (125 gold).
  2034 | D:3      | Bought a large jade ring for 125 gold pieces
  2034 | D:3      | 2034 ||| BUYING red potion (22 gold).
  2034 | D:3      | Bought a red potion for 22 gold pieces
  2034 | D:3      | 2034 ||| SHOPLISTING scroll labelled TIATRI ISABIRO (25
                  | gold, have 2).
  2034 | D:3      | 2034 ||| SHOPLISTING smoky black potion (22 gold, have 2).
  2034 | D:3      | 2034 ||| SHOPLISTING twisted diamond amulet (125 gold, have
                  | 2).
  2034 | D:3      | 2034 ||| SHOPLISTING viscous purple potion (22 gold, have
                  | 2).
  2179 | D:3      | You fall into a shaft and drop 3 floors!
  2184 | D:6      | Noticed a black bear
  2193 | D:6      | Killed a black bear
  2232 | D:6      | 2232 ||| DROPPING ring of magical power.
  2233 | D:6      | 2233 ||| DROPPING ring of flight.
  2234 | D:6      | 2234 ||| READING scroll labelled TIATRI ISABIRO.
  2235 | D:6      | 2235 ||| DRINKING 2 bubbling blue potions.
  2235 | D:6      | Gained mutation: Your flesh is cold resistant. (rC+)
                  | [potion of mutation]
  2235 | D:6      | Gained mutation: You are partially covered in iridescent
                  | scales. (AC +2) [potion of mutation]
  2244 | D:5      | Entered Level 5 of the Dungeon
  2306 | D:5      | Reached XP level 7. HP: 44/44 MP: 7/7
  2570 | D:4      | 2570 ||| FLEEEEING.
  2571 | D:4      | 2571 ||| FLEEEEING.
  2572 | D:4      | 2572 ||| FLEEEEING.
  2573 | D:4      | 2573 ||| STAIRDANCE
  2774 | D:3      | 2774 ||| READING scroll labelled WUMOFENLIL.
  2775 | D:3      | 2775 ||| DRINKING 2 fuming puce potions.
  2776 | D:3      | 2776 ||| DRINKING 2 fizzy coppery potions.
  2777 | D:3      | 2777 ||| DROPPING potion of invisibility.
  2899 | D:4      | Reached skill level 7 in Ranged Weapons
  3188 | D:4      | 3188 ||| READING scroll labelled IKLID KOTIEMO.
  3189 | D:4      | 3189 ||| READING scroll labelled OHYUDA KANU.
  3190 | D:4      | 3190 ||| DRINKING 2 green potions.
  3541 | D:5      | 3541 ||| SWAPPING to +0 longbow.
  3542 | D:5      | 3542 ||| DROPPING +2 shortbow.
  3774 | D:5      | 3774 ||| UPGRADING to +0 pair of boots.
  3779 | D:5      | 3779 ||| UPGRADING to +0 pair of gloves.
  3784 | D:5      | 3784 ||| READING scroll labelled AMEOSI DAMOFIL.
  3811 | D:5      | 3811 ||| READING scroll labelled ILUTWO RIEPE.
  3831 | D:6      | 3831 ||| STAIRDANCE
  3836 | D:5      | Reached XP level 8. HP: 34/48 MP: 8/8
  3889 | D:6      | 3889 ||| STAIRDANCE
  3895 | D:5      | Reached skill level 8 in Ranged Weapons
  3918 | D:6      | Found a snail-covered altar of Cheibriados.
  3919 | D:6      | 3919 ||| RETREEAATING.
  4010 | D:6      | 4010 ||| FLEEEEING.
  4011 | D:6      | 4011 ||| FLEEEEING.
  4012 | D:6      | 4012 ||| FLEEEEING.
  4013 | D:6      | 4013 ||| FLEEEEING.
  4014 | D:6      | 4014 ||| FLEEEEING.
  4015 | D:6      | 4015 ||| FLEEEEING.
  4016 | D:6      | 4016 ||| FLEEEEING.
  4076 | D:6      | Reached skill level 9 in Ranged Weapons
  4280 | D:6      | Reached skill level 6 in Fighting
  4476 | D:6      | 4476 ||| DRINKING 2 red potions.
  4477 | D:6      | 4477 ||| DROPPING potion of degeneration.
  4499 | D:6      | HP: 2/51 [orc priest/divine providence (16)]
  4500 | D:6      | 4500 ||| READING 2 scrolls of teleportation.
  4501 | D:6      | Killed from afar by an orc priest

Levels and vault maps discovered:
D:1:      dreamdust_arrival_beginning_and_end, layout_loops_ring, serial_shops,
          shop, hex_medium
D:2:      minmay_chambers_of_twos, layout_loops_ring,
          chequers_serial_rivers_room_a, st_stairs_14, minmay_hedge_maze,
          uniq_natasha, uniq_robin
D:3:      layout_rooms, serial_shops, nicolae_shop_just_a_little_nook,
          uniq_crazy_yiuf_cottage
D:4:      layout_rooms
D:5:      layout_basic, kennysheep_generic_room_14
D:6:      layout_rooms, mainiacjoe_overflow_surrounded_room

Skill      XL: |  1  2  3  4  5  6  7  8 |
---------------+-------------------------+-----
Ranged Weapons | 5 6 7 9 |  9.5
Fighting       | 3 4 6 |  6.0
Armour         | 3 |  3.1
Dodging        | 2 |  2.4
Stealth        | |  1.1

Action                     |  1- 3 |  4- 6 |  7- 9 || total
---------------------------+-------+-------+-------++-------
   Fire: Shortbow          |    89 |   144 |   110 ||   343
         Longbow           |       |       |   128 ||   128
    Use: Scroll            |     3 |     4 |     6 ||    13
         Potion            |       |     1 |     4 ||     5
 Armour: Leather armour    |    22 |    57 |    92 ||   171
  Dodge: Dodged            |    12 |    55 |    74 ||   141

Table legend:
 A = Non-vault XP
 B = Vault XP
 C = Vault XP percentage of total XP
 D = Non-vault monster count
 E = Vault monster count
 F = Vault count percentage of total count
                 A         B        C        D         E       F
            +---------+---------+-------+---------+---------+-------
      Total |    2075 |     113 |   5.2 |     119 |      17 |  12.5
            +---------+---------+-------+---------+---------+-------
        D:1 |      49 |       0 |   0.0 |      28 |       0 |   0.0
        D:2 |      87 |     113 |  56.5 |      11 |      17 |  60.7
        D:3 |     187 |       0 |   0.0 |      15 |       0 |   0.0
        D:4 |     312 |       0 |   0.0 |      17 |       0 |   0.0
        D:5 |     409 |       0 |   0.0 |      15 |       0 |   0.0
        D:6 |    1031 |       0 |   0.0 |      33 |       0 |   0.0
            +---------+---------+-------+---------+---------+-------
